 Dungeon Crawl Stone Soup version 0.26-a0-597-gb535b0901c (webtiles) character file.

Game seed: 16004150549285158020

2389 hickop the Fighter (level 9, -8/74 HPs)
             Began as a Barachi Fighter on Sept 6, 2020.
             Was a Follower of Makhleb.
             Hit by a large rock thrown by a cyclops (19 damage)
             ... on level 7 of the Dungeon.
             The game lasted 00:30:10 (9704 turns).

hickop the Fighter (Barachi Fighter)                Turns: 9704, Time: 00:30:11

Health: -8/74      AC: 10    Str: 18    XL:     9   Next: 46%
Magic:  9/9        EV:  6    Int:  9    God:    Makhleb [*.....]
Gold:   402        SH: 11    Dex: 14    Spells: 8/8 levels left

rFire    . . .     SeeInvis .   n - +3 dagger (holy)
rCold    . . .     Faith    .   c - +0 kite shield
rNeg     . . .     Spirit   .   C - +0 chain mail
rPois    .         Reflect  .   (no helmet)
rElec    .         Harm     .   (no cloak)
rCorr    .                      (no gloves)
MR       .....                  (no boots)
Stlth    ..........             (no amulet)
HPRegen  0.22/turn              u - ring of wizardry
MPRegen  0.11/turn              (no ring)

@: lethally poisoned (-8 -> -9), slow
A: +LOS, swims, slowness 1, strong legs 1
a: Hop, Renounce Religion


You were on level 7 of the Dungeon.
You worshipped Makhleb.
Makhleb was aware of your devotion.
You visited 1 branch of the dungeon, and saw 7 of its levels.

You collected 402 gold pieces.

Inventory:

Hand Weapons
 a - a +0 long sword
 j - a +2 flail of holy wrath
 n - a +3 dagger of holy wrath (weapon)
Missiles
 f - 23 boomerangs (quivered)
 i - 7 atropa-tipped darts
 q - 25 poisoned darts
Armour
 c - a +0 kite shield (worn)
 C - a +0 chain mail (worn)
Jewellery
 u - a ring of wizardry (left hand)
 y - an uncursed ring of magical power {unknown}
 z - an uncursed ring of protection from fire {unknown}
Wands
 e - a wand of flame (18)
 r - a wand of digging (6)
Scrolls
 h - a scroll of fog
 l - 3 scrolls of remove curse
 o - a scroll of fear
 p - a scroll of amnesia
 w - 2 scrolls of magic mapping
 B - a scroll of silence {unknown}
Potions
 d - 3 potions of might
 g - 2 potions of brilliance
 k - a potion of flight
 m - a potion of lignification
 s - 4 potions of heal wounds
 t - 3 potions of haste
 v - a potion of degeneration {unknown}
 x - 3 potions of curing


   Skills:
 * Level 8.1 Fighting
 + Level 6.3(6.9) Short Blades
 - Level 4.4(6.3) Long Blades
 + Level 8.1 Armour
 + Level 7.3 Shields


You had 8 spell levels left.
You didn't know any spells.
Your spell library contained the following spells:

 Spells                   Type           Power        Failure   Level
 Foxfire                  Conj/Fire      #...         98%         1
 Shock                    Conj/Air       #...         98%         1
 Fireball                 Conj/Fire      #.........   100%        5
 Invisibility             Hex            #.......     100%        6
 Orb of Destruction       Conj           #.........   100%        7


Dungeon Overview and Level Annotations

Branches:
Dungeon (7/15)             Temple (0/1) D:5

Altars:
Ashenzari
Cheibriados
Fedhas
Gozag
Makhleb
Okawaru
Qazlal
Ru
Sif Muna
Uskayaw
Wu Jian
Yredelemnul
Zin
The Shining One

Shops:
D:4 [

Annotations:
D:3 Natasha


Innate Abilities, Weirdness & Mutations

You can be seen from farther away. (+LOS)
You can swim through water.
You cover ground slowly.
You can hop short distances.


Message History

You barely miss the worker ant.
The worker ant is heavily wounded.
The worker ant bites you but does no damage.
You hit the worker ant.
The worker ant is severely wounded.
You block the worker ant's attack.
You puncture the worker ant!
You kill the worker ant!
Makhleb accepts your kill.
You feel sick.
A cyclops comes into view.
Items here: ) †††††.
As you read the scroll of fog, it crumbles to dust.
The scroll dissolves into smoke.
You feel sick.
The cyclops throws a large rock.
You block the large rock. The cyclops hits you!
* * * LOW HITPOINT WARNING * * *
You feel sick. You block the cyclops's attack.
The cyclops throws a large rock.
The large rock hits you!!
You die...

#. ##. ##.. ... . ..
#.. #. #.. #.## ##.
#..## .# #.. #@§###
..##.# ##§C§######
...... #######§§§......
....
#...§§§§#############.#
##..§##########........
###.)..^...#.....# #..
####......<# ###
#.........#######
#..................


You could see a cyclops.

Vanquished Creatures
  Eustachio (D:4)
  A sky beast (D:5)
  An ice beast (D:5)
  3 ogres
  3 centaurs
  2 big kobolds
  3 bullfrogs
  2 scorpions
  2 killer bees
  2 wights (D:7)
  A howler monkey (D:3)
  3 centaur skeletons
  A gnoll shaman (D:3)
  An orc priest (D:6)
  3 hounds
  5 orc wizards
  Natasha (twice) (D:4 D:3)
  4 worker ants
  5 iguanas
  A worker ant zombie (D:6)
  3 gnolls
  11 adders
  2 white imps
  An ufetubus (D:5)
  2 oozes
  2 adder skeletons (D:5)
  3 dart slugs
  5 leopard geckos
  19 orcs
  7 giant cockroaches
  5 goblins
  8 hobgoblins
  18 jackals
  6 kobolds
  5 quokkas
  A ball python (D:1)
  7 bats
  4 frilled lizards
  A leopard gecko skeleton (D:5)
  12 rats
168 creatures vanquished.

Vanquished Creatures (others)
  2 plants (D:2)
2 creatures vanquished.

Grand Total: 170 creatures vanquished

Notes
Turn   | Place    | Note
-------+----------+-------------------------------------------
     0 | D:1      | hickop the Barachi Fighter began the quest for the Orb.
     0 | D:1      | Reached XP level 1. HP: 18/18 MP: 1/1
    40 | D:1      | Reached XP level 2. HP: 9/25 MP: 2/2
   465 | D:1      | Reached XP level 3. HP: 24/30 MP: 3/3
   796 | D:2      | Found a snail-covered altar of Cheibriados.
  1644 | D:3      | Reached XP level 4. HP: 37/37 MP: 4/4
  2082 | D:3      | Reached XP level 5. HP: 17/43 MP: 5/5
  2507 | D:3      | Noticed a big kobold
  2657 | D:3      | Reached XP level 6. HP: 48/50 MP: 6/6
  2694 | D:3      | Reached skill level 5 in Armour
  2845 | D:3      | Reached skill level 5 in Fighting
  2845 | D:3      | Reached skill level 1 in Short Blades
  2944 | D:3      | Found an opulent altar of Gozag.
  2944 | D:3      | Found a burning altar of Makhleb.
  2947 | D:3      | Became a worshipper of Makhleb the Destroyer
  3351 | D:3      | Reached XP level 7. HP: 32/56 MP: 7/7
  3498 | D:4      | Noticed Natasha
  3541 | D:4      | Killed Natasha
  3549 | D:4      | Noticed Natasha
  4044 | D:3      | Killed Natasha
  4097 | D:4      | Noticed Eustachio
  4101 | D:4      | Found an ornate altar of the Wu Jian Council.
  4153 | D:4      | Killed Eustachio
  4153 | D:4      | Reached skill level 5 in Shields
  4176 | D:4      | Identified the Guide on Enchantment and Conjuration
  4198 | D:4      | Found an iron altar of Okawaru.
  4474 | D:4      | Found Oginag's Armour Shop.
  4565 | D:4      | Found a basalt altar of Yredelemnul.
  4647 | D:4      | Found a stormy altar of Qazlal.
  4743 | D:4      | Found a shimmering blue altar of Sif Muna.
  4793 | D:5      | Entered Level 5 of the Dungeon
  5235 | D:3      | Noticed Natasha
  5387 | D:5      | Found a glowing silver altar of Zin.
  5507 | D:5      | Found a staircase to the Ecumenical Temple.
  5547 | D:5      | Reached XP level 8. HP: 52/64 MP: 8/8
  5850 | D:5      | Found a shattered altar of Ashenzari.
  6313 | D:5      | Noticed a +0 hand axe
  6314 | D:5      | Noticed a +0 dagger
  6316 | D:5      | Found a hide-covered altar of Uskayaw.
  6490 | D:5      | Found a blossoming altar of Fedhas.
  6491 | D:5      | Found a glowing golden altar of the Shining One.
  7276 | D:5      | Reached skill level 5 in Short Blades
  8008 | D:6      | Reached XP level 9. HP: 60/72 MP: 9/9
  8119 | D:6      | Reached * piety under Makhleb
  8599 | D:7      | Found a sacrificial altar of Ru.
  9699 | D:7      | Noticed a cyclops
  9704 | D:7      | Hit by a large rock thrown by a cyclops

Illustrated notes

Levels and vault maps discovered:
D:1:      lemuel_arrival_hallway, layout_rooms, palyth_stone_intersect
D:2:      layout_loops_ring, cheibriados_altar_1, serial_forest,
          infiniplex_forest_clump_curved, infiniplex_forest_end_2,
          infiniplex_forest_lined_3_way, infiniplex_forest_straight_2,
          infiniplex_forest_clump_double, infiniplex_forest_clump_tiny,
          infiniplex_forest_end_2, infiniplex_forest_clump_small
D:3:      layout_loops_ring, gammafunk_temple_overflow_elements,
          glass_columns_b, hangedman_decor_clover_reticule
D:4:      layout_cave_pools, kennysheep_mini_moat, kennysheep_mini,
          old_standard_altar, old_standard_altar, old_standard_altar,
          serial_shops, shop, hangedman_abyss_or_decor_jellyfish_corner,
          uniq_eustachio, uniq_natasha
D:5:      layout_loops_ring, nicolae_ashenzari_panopticon, zin_academy,
          dancing_weapons_uskayaw, minmay_temple_entry_tees, basic_altar,
          fedhas_altar_2
D:6:      layout_cave_pods
D:7:      layout_rooms, nicolae_overflow_crystal_walls

Skill      XL: |  1  2  3  4  5  6  7  8  9 |
---------------+----------------------------+-----
Long Blades    | 3 4 |  4.4
Armour         | 4 5 6 7 8 |  8.1
Fighting       | 4 5 6 7 8 |  8.1
Shields        | 4 5 6 7 |  7.3
Short Blades   | 2 3 5 6 |  6.3

Action                   |  1- 3 |  4- 6 |  7- 9 || total
-------------------------+-------+-------+-------++-------
Melee: Long sword        |   130 |    94 |       ||   224
       Dagger            |       |   161 |   733 ||   894
       Unarmed           |       |       |     8 ||     8
 Abil: Hop               |       |       |     1 ||     1
  Use: Scroll            |     8 |     3 |     8 ||    19
       Potion            |       |       |     3 ||     3
Armor: Scale mail        |    65 |   118 |   154 ||   337
       Skin              |       |       |     2 ||     2
       Chain mail        |       |       |    59 ||    59
Dodge: Dodged            |    42 |    47 |   143 ||   232
Block: Kite shield       |    79 |   107 |   367 ||   553
       Rpst.: Long sword |    12 |     8 |       ||    20

Table legend: (Time is in decaauts)
 A = Elapsed time spent in this place.
 B = Non-inter-level travel time spent in this place.
 C = Inter-level travel time spent in this place.
 D = Time resting spent in this place.
 E = Time spent auto-exploring this place.
 F = Levels seen in this place.
 G = Mean time per level.
                   A        B        C        D        E       F      G
               +--------+--------+--------+--------+--------+-----+--------+
         Total |  10398 |  10103 |    295 |   2907 |   4842 |   7 | 1485.4 |
       Dungeon |  10398 |  10103 |    295 |   2907 |   4842 |   7 | 1485.4 |
               +--------+--------+--------+--------+--------+-----+--------+

Top non-repeatable levels by time:
     D:3: 2286 daAuts
     D:5: 1924 daAuts
     D:6: 1832 daAuts
     D:2: 1483 daAuts
     D:4: 1226 daAuts
     D:1: 863 daAuts
     D:7: 781 daAuts
